 Dungeon Crawl Stone Soup version 0.30-a0-808-g6e0788376e (webtiles) character file.

Game seed: 2335307046040731874

957 cheesebisquit the Skirmisher (level 7, -1/56 HPs)
             Began as a Minotaur Hunter on Feb 27, 2023.
             Was a Follower of Cheibriados.
             Succumbed to a kobold brigand's curare-tipped dart
             ... on level 5 of the Dungeon.
             The game lasted 00:11:43 (3398 turns).

cheesebisquit the Skirmisher (Minotaur Hunter)      Turns: 3398, Time: 00:11:44

Health: -1/56      AC:  6    Str: 24    XL:     7   Next: 91%
Magic:  6/6        EV: 12    Int: 14    God:    Cheibriados [*.....]
Gold:   218        SH:  5    Dex: 17    Spells: 6/6 levels left

rFire   + . .      SeeInvis .    a - +0 shortbow
rCold   + + .      Faith    .    (shield currently unavailable)
rNeg    . . .      Spirit   .    o - +2 leather armour {rC+}
rPois   +          Reflect  +    (helmet restricted)
rElec   +          Harm     .    (no cloak)
rCorr   +          Rampage  .    r - +0 pair of gloves
Will    .....                    (no boots)
Stlth   ++                       A - amulet of reflection
HPRegen 0.29/turn                t - +6 ring of strength
MPRegen 0.10/turn                v - +6 ring of intelligence

@: lethally poisoned (-1 -> -14), resistant, slowed, very slow
A: horns 2, retaliatory headbutt
a: Renounce Religion, Bend Time


You were on level 5 of the Dungeon.
You worshipped Cheibriados.
Cheibriados was aware of your devotion.
You visited 1 branch of the dungeon, and saw 5 of its levels.

You collected 218 gold pieces.

Inventory:

Hand Weapons
 a - a +0 shortbow (weapon)
Missiles
 g - 6 atropa-tipped darts
Armour
 o - a +2 leather armour of cold resistance (worn)
 p - a +0 kite shield
 r - a +0 pair of gloves (worn)
 s - the +3 leather armour "Xarit" {rPois rCorr Slay-3}
   (You found it on level 4 of the Dungeon)

   Slay:      It affects your accuracy & damage with ranged weapons and melee
   (-3).
   rPois:     It protects you from poison.
   rCorr:     It protects you from acid and corrosion.
Jewellery
 t - a +6 ring of strength (left hand)
 v - a +6 ring of intelligence (right hand)
 A - an amulet of reflection (around neck)
Wands
 f - a wand of light (12)
 u - a wand of flame (28)
Scrolls
 b - 2 scrolls of immolation
 c - 3 scrolls of fog
 e - 2 scrolls of teleportation {unknown}
 i - 2 scrolls of noise {unknown}
 k - a scroll of blinking {unknown}
 m - 3 scrolls of amnesia
 n - a scroll of enchant armour {unknown}
 x - a scroll of vulnerability {unknown}
 y - a scroll of summoning {unknown}
Potions
 d - a potion of might {unknown}
 h - a potion of magic
 j - 2 potions of resistance
 l - a potion of lignification
 q - 2 potions of degeneration
 w - 2 potions of mutation
 z - a potion of attraction


   Skills:
 - Level 2.4 Fighting
 * Level 10.9 Ranged Weapons
 - Level 2.1 Dodging
 - Level 0.7 Stealth


You had 6 spell levels left.
You didn't know any spells.
Your spell library contained the following spells:

 Spells                   Type           Power      Damage    Failure   Level
 Shock                    Conj/Air       0%         1d3       32%         1
 Ensorcelled Hibernation  Hex/Ice        0%         N/A       45%         2
 Passwall                 Tmut/Erth      0%         N/A       45%         2
 Dazzling Flash           Conj/Hex       0%         N/A       69%         3
 Ignite Poison            Fire/Tmut/Pois 0%         N/A       69%         3
 Kindle Blastsparks       Fire/Tloc/Air  0%         2d10      69%         3
 Portal Projectile        Hex/Tloc       0%         N/A       69%         3
 Swiftness                Air            0%         N/A       69%         3
 Tukima's Dance           Hex            0%         N/A       69%         3
 Airstrike                Air            0%         2d(0-16)  97%         4
 Iskenderun's Mystic Bla  Conj/Tloc      0%         2d3       97%         4
 Blade Hands              Tmut           0%         N/A       100%        5
 Freezing Cloud           Conj/Ice/Air   0%         6-21      100%        5
 Starburst                Conj/Fire      0%         6d3       100%        6


Dungeon Overview and Level Annotations

Branches:
Dungeon (5/15)             Temple (0/1) D:4

Altars:
Cheibriados
Nemelex Xobeh
Qazlal
Trog


Innate Abilities, Weirdness & Mutations

You have a pair of horns on your head.
You reflexively headbutt those who attack you in melee.


Message History

The iron imp shouts, "Run away, thou fawning rump-fed nightsoil!"
You hear a shout!
The iron imp attacks as you move away! The iron imp closely misses you.
You furiously retaliate!
You headbutt the iron imp.
The kobold brigand shouts!
The iron imp sputters.
The kobold demonologist hits you but does no damage.
You block the kobold brigand's attack.
The kobold demonologist attacks as you move away!
The kobold demonologist misses you. You furiously retaliate!
You headbutt the kobold demonologist!
The kobold brigand hits you with a +0 club.
The kobold demonologist barely misses you.
The kobold brigand barely misses you.
The kobold brigand hits you but does no damage.
The ynoxinul gestures.
The kobold demonologist attacks as you move away!
The kobold demonologist barely misses you.
You furiously retaliate!
You headbutt the kobold demonologist!
The kobold demonologist casts a cantrip, but nothing happens.
The ynoxinul gestures.
The kobold brigand hits you with a +0 club.
The iron imp grinds its teeth.
The kobold brigand attacks as you move away!
The kobold brigand hits you with a +0 club.
* * * LOW HITPOINT WARNING * * *
The kobold demonologist hits you with a +0 dagger of venom.
* * * LOW HITPOINT WARNING * * *
The ynoxinul gestures.
You block the kobold demonologist's attack.
The kobold demonologist hits you with a +0 club.
* * * LOW HITPOINT WARNING * * *
The kobold brigand throws a curare-tipped dart.
The curare-tipped dart hits you.
You are lethally poisoned!
You have difficulty breathing.
* * * LOW HITPOINT WARNING * * *
You feel yourself slow down.
You feel protected.
You die...

#....5..####......#
##...K...##.........
###.5.5##...5.#.......
##....K3.####........##
#....5.5## ##.........#
#.....55####..........##
#......55##............##.
........KK#K....#........#.
.##.......@.....###.##.....
##.......##....##.###..#
##......###..........#
#..>...#######......# .
#......##..# ###...##
#.#...#......## ##...#...
......#..##...###.......)
##....#..###.###..######.
#........##....##..#


You could see 2 kobold demonologists, a ynoxinul (summoned), a kobold brigand,
an iron imp (summoned), 6 ufetubi and a kobold.

Vanquished Creatures
  Menkaure (D:5)
  A water moccasin (D:5)
  Pargi (D:3)
  An ogre (D:4)
  A necrophage (D:4)
  2 scorpions
  3 jellies
  Jessica (D:3)
  3 iguanas (D:5)
  Robin (D:3)
  4 gnolls
  6 adders
  2 ufetubi (D:5)
  A worm (D:3)
  3 dart slugs
  14 orcs
  13 endoplasms
  14 goblins
  6 hobgoblins
  12 kobolds
  6 quokkas
  7 ball pythons
  A bat (D:3)
  2 frilled lizards
  3 rats
109 creatures vanquished.

Vanquished Creatures (others)
  4 fungi (D:2)
  A plant (D:5)
  9 toadstools (D:2)
14 creatures vanquished.

Grand Total: 123 creatures vanquished

Notes
Turn   | Place    | Note
-------+----------+-------------------------------------------
     0 | D:1      | cheesebisquit the Minotaur Hunter began the quest for the
                  | Orb.
     0 | D:1      | Reached XP level 1. HP: 18/18 MP: 0/0
   165 | D:1      | Reached XP level 2. HP: 25/25 MP: 1/1
   277 | D:1      | Reached skill level 5 in Ranged Weapons
   482 | D:1      | Found a faded altar of an unknown god.
   796 | D:2      | Reached XP level 3. HP: 30/30 MP: 2/2
  1131 | D:2      | Reached skill level 6 in Ranged Weapons
  1283 | D:2      | Reached XP level 4. HP: 37/37 MP: 3/3
  1452 | D:3      | Noticed Jessica
  1461 | D:3      | Killed Jessica
  1462 | D:3      | Reached skill level 7 in Ranged Weapons
  1462 | D:3      | Reached XP level 5. HP: 33/42 MP: 4/4
  1567 | D:3      | Noticed Robin
  1597 | D:3      | Killed Robin
  1802 | D:3      | Noticed Pargi
  1820 | D:3      | Killed Pargi
  1821 | D:3      | Reached skill level 8 in Ranged Weapons
  1821 | D:3      | Reached XP level 6. HP: 40/50 MP: 5/5
  1966 | D:3      | Found a snail-covered altar of Cheibriados.
  2006 | D:3      | Became a worshipper of Cheibriados the Contemplative
  2325 | D:4      | Identified the +3 leather armour "Xarit" {rPois rCorr
                  | Slay-3}
  2398 | D:4      | Reached skill level 9 in Ranged Weapons
  2465 | D:4      | Found a staircase to the Ecumenical Temple.
  2762 | D:5      | Entered Level 5 of the Dungeon
  2762 | D:5      | Found a sparkling altar of Nemelex Xobeh.
  2792 | D:4      | HP: 1/50 [ogre/+0 giant spiked club (23)]
  2802 | D:4      | Reached XP level 7. HP: 40/56 MP: 6/6
  2973 | D:5      | Found a bloodstained altar of Trog.
  3011 | D:5      | Reached * piety under Cheibriados
  3023 | D:5      | Found a stormy altar of Qazlal.
  3033 | D:5      | Reached skill level 10 in Ranged Weapons
  3131 | D:5      | Noticed a kobold demonologist
  3132 | D:5      | Noticed a kobold demonologist
  3300 | D:5      | Noticed Menkaure
  3306 | D:5      | Killed Menkaure
  3369 | D:5      | Noticed a kobold demonologist
  3389 | D:5      | Noticed a neqoxec
  3390 | D:5      | Noticed a ynoxinul
  3398 | D:5      | Succumbed to a kobold brigand's curare-tipped dart

Illustrated notes

Levels and vault maps discovered:
D:1:      giann_wishing_wells, layout_loops_ring, ebering_ecumenical_altar_webs,
          minmay_misc_feat_chi
D:2:      cheibrodos_fertilizer, layout_rooms, wad_orctagon
D:3:      layout_basic, old_standard_altar, uniq_pargi, uniq_jessica, uniq_robin
D:4:      layout_rooms, minmay_temple_entry_waves, minmay_pentomino_pile
D:5:      layout_cave_pools, trog_three_pillars_becter,
          nicolae_qazlal_general_emergency, overflow_temple_1_default,
          corexii_shack, uniq_menkaure

Skill      XL: |  1  2  3  4  5  6  7 |
---------------+----------------------+-----
Ranged Weapons | 5 6 7 8 9 10 | 10.9
Fighting       | |  2.4
Dodging        | |  2.1
Stealth        | |  0.7

Action                     |  1- 3 |  4- 6 |  7- 9 || total
---------------------------+-------+-------+-------++-------
  Melee: Unarmed           |       |     5 |       ||     5
   Fire: Shortbow          |    97 |   151 |    75 ||   323
    Use: Potion            |       |     8 |     1 ||     9
         Scroll            |       |     7 |     1 ||     8
 Armour: Leather armour    |     8 |    26 |     8 ||    42
         Skin              |       |     1 |       ||     1
  Dodge: Dodged            |    40 |    77 |    23 ||   140
  Block: Other             |       |       |     9 ||     9

Table legend: (Time is in decaauts)
 A = Elapsed time spent in this place.
 B = Non-inter-level travel time spent in this place.
 C = Inter-level travel time spent in this place.
 D = Time resting spent in this place.
 E = Time spent auto-exploring this place.
 F = Levels seen in this place.
 G = Mean time per level.
                   A        B        C        D        E       F      G
               +--------+--------+--------+--------+--------+-----+--------+
         Total |   3734 |   3581 |    153 |    210 |   2652 |   5 |  746.8 |
       Dungeon |   3734 |   3581 |    153 |    210 |   2652 |   5 |  746.8 |
               +--------+--------+--------+--------+--------+-----+--------+

Top non-repeatable levels by time:
     D:3: 995 daAuts
     D:2: 753 daAuts
     D:4: 744 daAuts
     D:1: 704 daAuts
     D:5: 536 daAuts
